FIQFIQFIQFIQFIQFIQFIQFIQFIQFIQ, neutral male gnomish Wizard ---- ------- q .... |.).q$.. #@q....:| #-------- #### # # # ## #0 ####################### -----------.----# ----------.--- |...............### ##.............| -.{............|# # # |............| |..............-# ### -----### |.........*..| |..............| # |...|# |............| ---------------- ### |...|# ##...>.........| # |...|# -------------- ##....-# ----- FIQFIQFIQFIQFIQFIQFIQFIQFIQFIQ the Conjurer Experience level: 5 Strength: 10 Dexterity: 18 Constitution: 11 Intelligence: 17 Wisdom: 12 Charisma: 11 Health: 0(40) Energy: 41(41) AC: 2 Gold: 367 Moves: 1045 Your Inventory: Coins $ - 367 gold pieces Weapons a - a blessed +1 quarterstaff (weapon in hands) Armor b - an uncursed +0 cloak of magic resistance (being worn) q - a [blessed] +2 leather armor (being worn) r - a [blessed] +2 pair of walking shoes of brilliance [low] (being worn) Comestibles p - an [uncursed] food ration Scrolls i - an uncursed scroll of scare monster j - an uncursed scroll of taming k - 2 uncursed scrolls of light Spellbooks l - a blessed spellbook of force bolt m - an uncursed spellbook of confuse monster n - an [uncursed] spellbook of knock Potions f - an uncursed potion of speed g - a potion of holy water h - an uncursed potion of levitation o - an [uncursed] bubbly potion [of extra healing] Rings d - an uncursed ring of shock resistance e - an uncursed +1 ring of gain dexterity Wands c - an uncursed wand of speed monster (0:5) Spells known in the end: Name Level Category Fail Memory a - force bolt 1 attack 0% [||||||||] b - confuse monster 2 enchantment 0% [||||||||] c - knock 1 matter 0% [||||||||] Your skills at the end: Fighting Skills Weapon Skills quarterstaff [Basic / Expert] Spellcasting Skills attack spells [Basic / Expert] enchantment spells [Basic / Skilled] Final Attributes: You were fervently aligned. Hunger level was 857. Your alignment was 13 / 15. Monster difficulty range was 1 - 6. Level difficulty was 7. You were magic-protected. You had infravision. You were fast. Your luck was zero. You are dead. Vanquished creatures: a ghost a kitten a kobold shaman a rothe a yellow mold a gecko 2 jackals a fox a kobold a goblin 4 grid bugs a newt 16 creatures vanquished. Voluntary challenges: You used a wielded weapon 32 times. You read items or engraved 6 times. You put on armor 4 times. You never genocided any monsters. You never polymorphed an object. You never changed form. You used no wishes. You wrote Elbereth's name 5 times. You encountered 1 bones level. You never used any Sokoban shortcuts. Dungeon overview: The Dungeons of Doom: levels 1 to 8 Level 1 a long staircase Level 2 a fountain Level 3 a fountain Level 4 a jewelry store a long staircase Level 7 <- You were here a fountain History has recorded: On T:1 you entered the Dungeons of Doom to retrieve the Amulet of Yendor! On T:126 you reached level 2 of The Dungeons of Doom. On T:359 you advanced to experience level 2. On T:361 you reached level 3 of The Dungeons of Doom. On T:551 you reached level 4 of The Dungeons of Doom. On T:567 you advanced to experience level 3. On T:633 you reached level 7 of The Dungeons of Doom. On T:653 you reached level 8 of The Dungeons of Doom. On T:695 you advanced to experience level 4. On T:1042 you advanced to experience level 5. Latest messages: You hit the rothe. The rothe hits! The rothe misses. The rothe bites! [HP-9=11] You hit the rothe! You hit the rothe. The rothe turns to flee! [HP+1=12] You hit the rothe! The rothe misses. The rothe bites! (2x) [HP-10=2] You kill the rothe! Welcome to experience level 5. [HP+9=11] There is an open door here. You see here a rothe corpse. You hit the rothe! The rothe just misses! The rothe bites! (2x) [HP-9=2] You hit the rothe! The rothe hits! The rothe bites! You die... Final status: Goodbye FIQFIQFIQFIQFIQFIQFIQFIQFIQFIQ the Wizard... You died in The Dungeons of Doom on dungeon level 7 with 1585 points, and 367 pieces of gold, after 1045 moves. You were level 5 with a maximum of 40 hit points when you died.